 Dungeon Crawl Stone Soup version 0.22-a0-521-gb1378044ac (webtiles) character file.

950 D1HalberdGnoll the Conjurer (level 7, 0/41 HPs)
             Began as a Deep Elf Conjurer on June 20, 2018.
             Slain by an orc wizard
             ... wielding a +0 dagger
              (1 damage)
             ... on level 5 of the Dungeon.
             The game lasted 00:09:51 (5248 turns).

D1HalberdGnoll the Conjurer (Deep Elf Conjurer)     Turns: 5248, Time: 00:09:52

Health: 0/41       AC:  9    Str:  6    XL:     7   Next: 90%
Magic:  5/18       EV: 14    Int: 20    God:
Gold:   204        SH:  0    Dex: 16    Spells: 12/18 levels left

rFire    . . .     SeeInvis .   b - +4 whip
rCold    . . .     Gourm    .   (no shield)
rNeg     . . .     Faith    .   p - +0 troll leather armour {Purgy}
rPois    .         Spirit   .   h - +2 hat
rElec    .         Reflect  .   (no cloak)
rCorr    .         Harm     .   i - +2 pair of gloves
MR       .....                  (no boots)
Stlth    ++........             (no amulet)
HPRegen  0.53/turn              (no ring)
MPRegen  0.16/turn              (no ring)

@: very slightly contaminated
A: no striking features
a: no special abilities


You were on level 5 of the Dungeon.
You were hungry.

You visited 1 branch of the dungeon, and saw 5 of its levels.
You also visited: Sewer.

You collected 204 gold pieces.

Inventory:

Hand Weapons
 b - a +4 whip (weapon)
Armour
 h - a +2 hat (worn)
 i - a +2 pair of gloves (worn)
 p - a +0 troll leather armour (worn) {Purgy}
Wands
 j - a wand of polymorph (31)
Scrolls
 d - a scroll of blinking
 f - a scroll of amnesia
Potions
 a - a potion of agility {unknown}
 e - a potion of haste
 g - a potion of flight {unknown}
 k - 6 potions of curing
 l - a potion of might {unknown}
 m - a potion of ambrosia {unknown}
 o - a potion of experience {unknown}
 r - a potion of mutation {unknown}
Comestibles
 c - 9 rations


   Skills:
 + Level 3.0 Fighting
 + Level 5.4 Dodging
 - Level 2.4 Stealth
 + Level 6.0 Spellcasting
 * Level 7.7 Conjurations


You had 12 spell levels left.
You knew the following spells:

 Your Spells              Type           Power        Failure   Level  Hunger
a - Magic Dart            Conj           ####         1%          1    None
b - Searing Ray           Conj           #####.       1%          2    None
c - Dazzling Spray        Conj/Hex       ###...       10%         3    ##.....

Your spell library contained the following spells:

 Spells                   Type           Power        Failure   Level  Hunger
 Iskenderun's Mystic Bla  Conj           #####...     7%          4    ####...
 Fulminant Prism          Conj/Hex       ###.......   32%         4    ####...
 Force Lance              Conj/Tloc      ###.....     32%         4    ####...


Dungeon Overview and Level Annotations

Branches:
Dungeon (5/15)
 Temple: D:4-7

Altars:
Dithmenos
Elyvilon
Kikubaaqudgha
Okawaru
Qazlal
Ru
Xom
Yredelemnul
Zin


Message History

Press: ? - help, Shift-Dir - straight line, f/p - orc priest
Aim: an orc priest (lightly wounded)
The searing ray hits the orc wizard.
The orc wizard is moderately wounded. (Press . to maintain the ray.)
The orc priest invokes the aid of Beogh against you.
Beogh smites you!
* * * LOW HITPOINT WARNING * * *
The orc wizard completely misses you.
The searing ray misses the orc wizard.
The searing ray hits the orc priest.
The orc priest is severely wounded.
The orc wizard misses you.
The searing ray hits the orc wizard.
The orc wizard is almost dead.
The orc wizard hits you but does no damage.
The orc priest invokes the aid of Beogh against you.
Beogh smites you!
* * * LOW HITPOINT WARNING * * *
The orc wizard hits you with a dagger.
You die...

. ...
.....###########
.....oo@.......#
.....o########.#
...). #.# ....
#.# ... ##.## ##
##.#.## #.###.#
##.#.## #..##


You could see an orc priest, an orc wizard and an orc.

Vanquished Creatures
  Purgy (D:4)
  2 bullfrogs (Sewer)
  A killer bee (D:4)
  A howler monkey (D:5)
  An orc priest (D:3)
  A hound (D:5)
  4 orc wizards
  An iguana (D:4)
  4 worker ants
  A howler monkey skeleton (D:4)
  11 adders
  12 oozes (Sewer)
  2 adder skeletons (D:4)
  3 worms
  4 dart slugs
  17 leopard geckos
  18 orcs
  14 giant cockroaches
  7 hobgoblins
  2 jackals (D:2)
  8 kobolds
  3 quokkas
  9 ball pythons
  6 bats
  18 frilled lizards
  9 goblins
  2 leopard gecko skeletons
  A leopard gecko zombie (D:5)
  6 rats
169 creatures vanquished.

Notes
Turn   | Place    | Note
-------+----------+-------------------------------------------
     0 | D:1      | D1HalberdGnoll the Deep Elf Conjurer began the quest for the Orb.
     0 | D:1      | Reached XP level 1. HP: 10/10 MP: 6/6
   216 | D:1      | Reached XP level 2. HP: 16/16 MP: 5/8
   680 | D:1      | Reached XP level 3. HP: 20/20 MP: 5/9
   684 | D:1      | Learned a level 2 spell: Searing Ray
   688 | D:1      | Learned a level 3 spell: Dazzling Spray
   914 | D:2      | Reached skill level 5 in Conjurations
  1004 | D:2      | Reached skill level 1 in Fighting
  1261 | D:2      | Found an iron altar of Okawaru.
  1539 | D:2      | Reached XP level 4. HP: 19/25 MP: 1/11
  1710 | D:3      | Found a stormy altar of Qazlal.
  1732 | D:3      | Found a shimmering altar of Xom.
  1733 | D:3      | Reached XP level 5. HP: 29/29 MP: 0/13
  1906 | D:3      | Found a sacrificial altar of Ru.
  2118 | D:3      | Found a shadowy altar of Dithmenos.
  2304 | D:3      | Found a glowing drain.
  2310 | Sewer    | Entered a sewer
  2321 | Sewer    | Reached skill level 6 in Conjurations
  2591 | Sewer    | Reached XP level 6. HP: 35/35 MP: 9/14
  3249 | Sewer    | Reached skill level 5 in Spellcasting
  3427 | D:3      | Reached XP level 7. HP: 40/40 MP: 14/16
  3536 | D:3      | Found a white marble altar of Elyvilon.
  3592 | D:3      | Found a basalt altar of Yredelemnul.
  3948 | D:4      | Reached skill level 7 in Conjurations
  4122 | D:4      | Found an ancient bone altar of Kikubaaqudgha.
  4268 | D:4      | Reached skill level 5 in Dodging
  4354 | D:4      | Noticed Purgy
  4364 | D:4      | Killed Purgy
  4786 | D:5      | Entered Level 5 of the Dungeon
  4921 | D:5      | Noticed an angel
  4924 | D:5      | Found a glowing silver altar of Zin.
  5248 | D:5      | HP: 1/41 [orc priest/divine providence (11)]
  5248 | D:5      | Slain by an orc wizard

Vault maps used:
D:1:      evilmike_arrival_sounds_zot, serial_bayou_pond_a,
          minmay_misc_feat_more_columns
D:2:      lemuel_coloured_pillars_altar
D:3:      kennysheep_ying_yang, old_standard_altar, grunt_temple_overflow_open,
          old_standard_altar, serial_curves, eino_curves_02, eino_curves_03,
          eino_curves_02, eino_curves_01, portal_sewer_entry_e, first_ration,
          hangedman_decor_growths
D:4:      kiku_gazebo_garden_becter, minmay_misc_feat_four_crosses,
          hangedman_minor_gate_pass, uniq_purgy
D:5:      bloody_trog, zin_angel, hangedman_decor_push
Sewer:    sewer_frog_island_02

Skill      XL: |  1  2  3  4  5  6  7 |
---------------+----------------------+-----
Dodging        | 3 4 5 |  5.4
Conjurations   | 5 6 7 |  7.7
Fighting       | 1 2 3 |  3.0
Spellcasting   | 4 5 6 |  6.0
Stealth        | |  2.4

Action                   |  1- 3 |  4- 6 |  7- 9 || total
-------------------------+-------+-------+-------++-------
Melee: Whip              |     5 |    39 |     9 ||    53
 Cast: Magic Dart        |    60 |    97 |    65 ||   222
       Searing Ray       |     5 |    15 |    17 ||    37
       Dazzling Spray    |     3 |    10 |     5 ||    18
  Use: Scroll            |       |    10 |     4 ||    14
  Eat: Chunk             |     1 |     8 |     5 ||    14
Armor: Robe              |     1 |       |       ||     1
       Leather armour    |     1 |    22 |    12 ||    35
       Troll leather arm |       |       |     1 ||     1
Dodge: Dodged            |     7 |    58 |    37 ||   102

Table legend:
 A = Spawn XP
 B = Non-spawn XP
 C = Spawn XP percentage of total XP
 D = Spawn monster count
 E = Non-spawn monster count
 F = Spawn count percentage of total count
 G = Total turns spent on level
                    A         B        C        D         E        F      G
               +---------+---------+-------+---------+---------+-------+---------
         Total |       0 |    1358 |   0.0 |       0 |     169 |   0.0 |  5248
               +---------+---------+-------+---------+---------+-------+---------
           D:1 |       0 |      41 |   0.0 |       0 |      27 |   0.0 |   903
           D:2 |       0 |     104 |   0.0 |       0 |      18 |   0.0 |   894
           D:3 |       0 |     166 |   0.0 |       0 |      27 |   0.0 |   873
           D:4 |       0 |     424 |   0.0 |       0 |      22 |   0.0 |  1044
           D:5 |       0 |     196 |   0.0 |       0 |      14 |   0.0 |   462
         Sewer |       0 |     427 |   0.0 |       0 |      61 |   0.0 |  1072
               +---------+---------+-------+---------+---------+-------+---------
